 Dungeon Crawl Stone Soup version 0.22-a0-456-g11ed031 (webtiles) character file.

2037 iamserjio the Quickloader (level 9, -2/54 HPs)
             Began as a Halfling Hunter on June 6, 2018.
             Was a Believer of Okawaru.
             Slain by an orc warrior
             ... wielding a +0 dire flail
              (16 damage)
             ... on level 7 of the Dungeon.
             The game lasted 00:19:03 (8952 turns).

iamserjio the Quickloader (Halfling Hunter)         Turns: 8952, Time: 00:19:03

Health: -2/54      AC: 10    Str: 16    XL:     9   Next: 48%
Magic:  10/12      EV: 19    Int:  9    God:    Okawaru [**....]
Gold:   312        SH:  0    Dex: 15    Spells: 8/8 levels left

rFire    . . .     SeeInvis .   a - +1 hand crossbow
rCold    . . .     Gourm    .   (shield restricted)
rNeg     . . .     Faith    .   c - +0 leather armour
rPois    .         Spirit   .   F - +1 hat
rElec    .         Reflect  .   v - +2 cloak
rCorr    .         Harm     .   r - +0 pair of gloves
MR       .....                  (no boots)
Stlth    +++.......             (no amulet)
HPRegen  0.18/turn              (no ring)
MPRegen  0.13/turn              (no ring)

@: heroism
A: small, mutation resistance 1
a: Heroism, Renounce Religion


You were on level 7 of the Dungeon.
You worshipped Okawaru.
Okawaru was pleased with you.
You were not hungry.

You visited 2 branches of the dungeon, and saw 8 of its levels.

You collected 312 gold pieces.

Inventory:

Hand Weapons
 a - a +1 hand crossbow (weapon)
 b - a +0 dagger
 q - a +2 dagger of electrocution
 w - a +2 antimagic short sword
 A - a +3 dagger of draining
 C - a +3 short sword of electrocution
Missiles
 d - 16 bolts (quivered)
Armour
 c - a +0 leather armour (worn)
 l - a +0 scale mail
 n - a +0 ring mail
 r - a +0 pair of gloves (worn)
 v - a +2 cloak (worn)
 F - a +1 hat (worn)
Jewellery
 B - a +3 ring of dexterity {unknown}
 D - an uncursed ring of flight {unknown}
Wands
 p - a wand of random effects (49)
Scrolls
 e - a scroll of fog
 g - 2 scrolls of fear
 h - a scroll of identify
 i - 3 scrolls of immolation
 j - 4 scrolls of remove curse
 o - a scroll of noise {unknown}
 u - a scroll of acquirement {unknown}
 y - a scroll of teleportation {unknown}
 z - 2 scrolls of magic mapping {unknown}
 E - a scroll of amnesia {unknown}
 H - 3 scrolls of enchant weapon
Potions
 k - 3 potions of curing
 m - a potion of degeneration {unknown}
 s - 2 potions of resistance
 t - 2 potions of heal wounds
 x - 2 potions of ambrosia {unknown}
Comestibles
 f - 9 rations
 G - 5 chunks of flesh


   Skills:
 - Level 2.0(7.0) Fighting
 + Level 6.4(11.4) Short Blades
 * Level 9.9(14.9) Crossbows
 + Level 5.2(10.2) Armour
 + Level 2.8(7.8) Dodging
 - Level 1.1(6.1) Stealth
 - Level 4.0 Invocations


You had 8 spell levels left.
You didn't know any spells.
Your spell library contained the following spells:

 Spells                   Type           Power        Failure   Level  Hunger
 Apportation              Tloc           #.....       43%         1    ##.....
 Summon Small Mammal      Summ           #...         43%         1    ##.....
 Animate Dead             Necr           N/A          99%         4    #####..
 Pain                     Necr           #...         43%         1    ##.....
 Animate Skeleton         Necr           N/A          43%         1    ##.....
 Vampiric Draining        Necr           #.........   80%         3    ####...
 Regeneration             Chrm/Necr      #.........   80%         3    ####...
 Confusing Touch          Hex            #.....       43%         1    ##.....


Dungeon Overview and Level Annotations

Branches:
Dungeon (7/15)             Temple (1/1) D:4

Altars:
Ashenzari
Elyvilon
Fedhas
Gozag
Hepliaklqana
Makhleb
Nemelex Xobeh
Okawaru
Qazlal
Ru
Trog
Uskayaw
Vehumet
Wu Jian
Xom
Yredelemnul
Zin
The Shining One


Innate Abilities, Weirdness & Mutations

You are small and have problems with some larger weapons.
You are somewhat resistant to further mutation.


Message History

Firing (i - inventory)
d - 19 bolts (quivered)
Press: ? - help, Shift-Dir - straight line, f/p - orc warrior
Aim: an orc warrior, wielding a dire flail and wearing a chain mail You shoot a bolt.
The bolt hits the orc warrior.
The orc warrior is lightly wounded.
The orc warrior barely misses you.
Firing (i - inventory)
d - 18 bolts (quivered)
Press: ? - help, Shift-Dir - straight line, f/p - orc warrior
Aim: an orc warrior, wielding a dire flail and wearing a chain mail (lightly wounded)
You shoot a bolt. The bolt hits the orc warrior!
The orc warrior is heavily wounded.
The orc warrior hits you with a dire flail.
* * * LOW HITPOINT WARNING * * *
Firing (i - inventory)
d - 17 bolts (quivered)
Press: ? - help, Shift-Dir - straight line, f/p - orc warrior
Aim: an orc warrior, wielding a dire flail and wearing a chain mail (heavily wounded)
You shoot a bolt.
The bolt completely misses the orc warrior.
The orc warrior hits you with a dire flail!
You die...

#.........#.....#
#........##.#####
##........##.#
#.........##.#####
#.........##.....#
#[#.......######.#
#.#.....>.# #.#
#.######### #.#
#.# #@# ..# #o#
### #.# #(# ..#
#.# #.# ##(#


You could see an orc warrior.

Vanquished Creatures
  Duvessa (D:5)
  3 ice beasts
  An orc warrior (D:6)
  2 ogres
  2 centaurs
  A bullfrog (D:7)
  Dowan (D:5)
  4 howler monkeys
  An electric eel (D:6)
  A crimson imp (D:5)
  4 hounds
  3 orc priests (D:6)
  2 orc wizards (D:6)
  3 iguanas
  10 worker ants
  A hound skeleton (D:5)
  A worker ant zombie (D:7)
  8 adders
  8 gnolls
  2 howler monkey skeletons (D:5)
  An ooze (D:4)
  An adder skeleton (D:4)
  5 worms
  A dart slug (D:1)
  7 leopard geckos
  14 orcs
  6 giant cockroaches
  5 goblins
  4 hobgoblins
  6 jackals
  A quokka (D:3)
  3 ball pythons
  6 bats
  3 frilled lizards
  A jackal skeleton (D:6)
  7 kobolds
  A leopard gecko skeleton (D:6)
  A quokka skeleton (D:7)
  11 rats
143 creatures vanquished.

Notes
Turn   | Place    | Note
-------+----------+-------------------------------------------
     0 | D:1      | iamserjio the Halfling Hunter began the quest for the Orb.
     0 | D:1      | Reached XP level 1. HP: 14/14 MP: 1/1
    33 | D:1      | Reached XP level 2. HP: 19/19 MP: 2/2
   198 | D:1      | Reached skill level 1 in Short Blades
   218 | D:1      | Reached skill level 1 in Armour
   450 | D:1      | Reached XP level 3. HP: 23/24 MP: 3/3
   962 | D:2      | Reached skill level 5 in Crossbows
  1485 | D:2      | Reached XP level 4. HP: 29/29 MP: 4/4
  1850 | D:3      | Noticed a centaur
  1856 | D:3      | Killed a centaur
  1856 | D:3      | Reached XP level 5. HP: 29/34 MP: 5/5
  1910 | D:3      | Reached skill level 6 in Crossbows
  2317 | D:3      | Noticed a moth of wrath
  2320 | D:3      | Found a bloodstained altar of Trog.
  2453 | D:3      | Reached XP level 6. HP: 36/39 MP: 6/6
  2876 | D:4      | Found a staircase to the Ecumenical Temple.
  2922 | Temple   | Entered the Ecumenical Temple
  2986 | Temple   | Became a worshipper of Warmaster Okawaru
  3116 | D:4      | Found a stormy altar of Qazlal.
  3428 | D:4      | HP: 1/39 [poisoned by a worker ant]
  3745 | D:4      | Found a glowing silver altar of Zin.
  3797 | D:4      | Reached skill level 1 in Invocations
  3814 | D:4      | Noticed an ogre
  3842 | D:3      | Reached XP level 7. HP: 17/45 MP: 7/7
  4633 | D:4      | Found a shimmering altar of Xom.
  4712 | D:4      | Reached skill level 7 in Crossbows
  4721 | D:4      | Reached * piety under Okawaru
  4818 | D:5      | Entered Level 5 of the Dungeon
  5480 | D:5      | Reached XP level 8. HP: 50/50 MP: 9/9
  5781 | D:5      | Noticed Duvessa
  5782 | D:5      | Noticed Dowan
  5976 | D:5      | Found a sparkling altar of Nemelex Xobeh.
  5977 | D:5      | Found an opulent altar of Gozag.
  6013 | D:5      | Killed Duvessa
  6013 | D:5      | Reached skill level 8 in Crossbows
  6017 | D:5      | Killed Dowan
  6488 | D:5      | Reached skill level 5 in Short Blades
  7351 | D:6      | Reached ** piety under Okawaru
  7529 | D:6      | Reached skill level 5 in Armour
  7539 | D:6      | Reached XP level 9. HP: 42/54 MP: 10/12
  7882 | D:6      | Reached skill level 9 in Crossbows
  8952 | D:7      | Slain by an orc warrior

Vault maps used:
D:1:      evilmike_arrival_plus
D:3:      tgw_trog
D:4:      xom_butterflies, kennysheep_little_box, minmay_temple_entry_trees,
          first_ration, minmay_ruined_shrine
D:5:      grunt_temple_overflow_opulence, uniq_duvessa
D:6:      nicolae_lava_and_water
D:7:      led_sif_pool, slow_altar_1, serial_shops, shop, grunt_ogre_cave
Temple:   regret_index_temple_waves

Skill      XL: |  1  2  3  4  5  6  7  8  9 |
---------------+----------------------------+-----
Fighting       | 2 |  2.0
Short Blades   | 1 2 3 4 5 6 |  6.4
Armour         | 1 2 3 5 |  5.2
Crossbows      | 5 6 7 8 9 |  9.9
Invocations    | 1 2 4 |  4.0
Dodging        | |  2.8
Stealth        | |  1.1

Action                   |  1- 3 |  4- 6 |  7- 9 || total
-------------------------+-------+-------+-------++-------
Melee: Short sword       |   104 |   158 |   117 ||   379
       Dagger            |       |       |   120 ||   120
 Fire: Hand crossbow     |    32 |    70 |   112 ||   214
Invok: Heroism           |       |       |     3 ||     3
  Use: Scroll            |       |       |    13 ||    13
 Stab: Sleeping          |     1 |     1 |     1 ||     3
  Eat: Chunk             |     1 |     6 |    15 ||    22
       Ration            |       |     1 |       ||     1
Armor: Leather armour    |    37 |    34 |    72 ||   143
Dodge: Dodged            |   105 |    99 |   152 ||   356

Table legend:
 A = Spawn XP
 B = Non-spawn XP
 C = Spawn XP percentage of total XP
 D = Spawn monster count
 E = Non-spawn monster count
 F = Spawn count percentage of total count
 G = Total turns spent on level
                    A         B        C        D         E        F      G
               +---------+---------+-------+---------+---------+-------+---------
         Total |       0 |    2911 |   0.0 |       0 |     143 |   0.0 |  8952
               +---------+---------+-------+---------+---------+-------+---------
           D:1 |       0 |      33 |   0.0 |       0 |      19 |   0.0 |   649
           D:2 |       0 |      75 |   0.0 |       0 |      22 |   0.0 |  1153
           D:3 |       0 |     235 |   0.0 |       0 |      20 |   0.0 |  1416
           D:4 |       0 |     376 |   0.0 |       0 |      15 |   0.0 |  1474
           D:5 |       0 |     879 |   0.0 |       0 |      23 |   0.0 |  2246
           D:6 |       0 |     882 |   0.0 |       0 |      27 |   0.0 |  1566
           D:7 |       0 |     431 |   0.0 |       0 |      17 |   0.0 |   322
               +---------+---------+-------+---------+---------+-------+---------
